 Dungeon Crawl Stone Soup version 0.31-a0-204-g7da18cac08 (webtiles) character file.

Game seed: 9435092373508464116

32 qw the Shooter (level 3, -4/20 HPs)
             Began as a Deep Elf Hunter on June 27, 2023.
             Slain by a goblin
             ... wielding a +0 club
             ... led by Robin
              (5 damage)
             ... on level 2 of the Dungeon.
             The game lasted 00:00:20 (913 turns).

qw the Shooter (Deep Elf Hunter)                     Turns: 913, Time: 00:00:21

Health: -4/20      AC:  8    Str: 10    XL:     3   Next: 10%
Magic:  5/5        EV: 11    Int: 13    God:
Gold:   52         SH:  0    Dex: 18    Spells: 2/2 levels left

rFire   + . .        Y - +0 shortbow
rCold   . . .        (shield currently unavailable)
rNeg    . . .        j - +0 ring mail
rPois   .            (no helmet)
rElec   .            (no cloak)
rCorr   .            (no gloves)
SInv    .            e - +2 pair of boots
Will    .....        (no amulet)
Stlth   +            k - ring of protection from fire
HPRegen 0.23/turn    (no ring)
MPRegen 0.09/turn

%: no passive effects
@: no status effects
A: no striking features
a: no special abilities


You were on level 2 of the Dungeon.
You visited 1 branch of the dungeon, and saw 2 of its levels.

You collected 52 gold pieces.


   Skills:
 - Level 1.5 Fighting
 + Level 6.7 Ranged Weapons
 - Level 2.4 Dodging
 - Level 1.2 Stealth


You had 2 spell levels left.
You didn't know any spells.
Your spell library was empty.

Inventory:

Hand Weapons
 Y - a +0 shortbow (weapon)
Armour
 e - a +2 pair of boots (worn)
 j - a +0 ring mail (worn)
Jewellery
 k - a ring of protection from fire (left hand)
Scrolls
 a - a scroll of identify
Potions
 d - a potion of degeneration {unknown}

Dungeon Overview and Level Annotations

Branches:
Dungeon (2/15)

Altars:

Annotations:
D:2 Robin


Message History

The goblin hits you with a +0 club. Robin throws the goblin at you!
The goblin hits you with a +0 club. The goblin completely misses you.
The goblin barely misses you. The goblin hits you with a +0 club.
You shoot an arrow. The arrow barely misses the goblin.
The goblin closely misses you. x2; The goblin hits you but does no damage.
You shoot an arrow. The arrow hits the goblin!
You kill the goblin!
The goblin hits you but does no damage. x2
You shoot an arrow.
The arrow hits the goblin but does no damage.
The goblin closely misses you. x2; Robin throws the goblin at you!
You shoot an arrow. The arrow barely misses the goblin.
The goblin hits you with a +0 club. The goblin closely misses you.
The goblin barely misses you.
You shoot an arrow. The arrow closely misses the goblin.
The goblin no longer looks unusually strong. x2
The goblin closely misses you. x2; The goblin misses you.
The goblin hits you but does no damage. x2; The goblin closely misses you.
You shoot an arrow. The arrow hits the goblin.
The goblin is severely wounded.
The hobgoblin no longer looks unusually strong.
The goblin no longer looks unusually strong.
The goblin hits you but does no damage. The goblin barely misses you.
The goblin hits you but does no damage.
You shoot an arrow. The arrow barely misses the goblin.
The goblin hits you but does no damage. x2; The goblin hits you with a +0 club.
Robin roars a battlecry!
The goblins go into a battle-frenzy!
You shoot an arrow. The arrow completely misses the goblin.
The goblin no longer looks unusually strong.
The goblin hits you with a +0 club. x2; The goblin hits you but does no damage.
You shoot an arrow. The arrow closely misses the goblin.
The goblin hits you with a +0 club.
The goblin hits you but does no damage. x2
Robin roars a battlecry!
The goblin goes into a battle-frenzy!
The goblin hits you with a +0 club. The goblin barely misses you.
The goblin hits you with a +0 club.
You shoot an arrow. The arrow closely misses the goblin.
The goblin hits you with a +0 club.
You die...

### ..# ###.# #.#.# #
#.#.####### .##.
#<..#.....# .....
######..#.###.#
.....g#gg..%......#.#
....)gg@#.....#.#.#.#
....g.###.#.....#...#
..... #.###########
.... #.# .## #.# #.#
#.# #.# ..#


You could see Robin, a hobgoblin (strong) and 4 goblins.

Vanquished Creatures
  An adder (D:2)
  A dart slug (D:1)
  A ball python (D:1)
  A giant cockroach (D:1)
  A hobgoblin (D:1)
  A quokka (D:1)
  3 bats (D:1)
  A frilled lizard (D:1)
  9 goblins
  A kobold (D:1)
  A rat (D:1)
21 creatures vanquished.

Notes
Turn   | Place    | Note
-------+----------+-------------------------------------------
     0 | D:1      | qw the Deep Elf Hunter began the quest for the Orb.
     0 | D:1      | Reached XP level 1. HP: 12/12 MP: 3/3
     0 | D:1      | 0 ||| qw: Version: 0.3-a-22-g0ed2b0b
     0 | D:1      | 0 ||| qw: Game counter: 6504
     0 | D:1      | 0 ||| qw: Melee chars always use a shield: true
     0 | D:1      | 0 ||| qw: God list: Okawaru
     0 | D:1      | 0 ||| qw: Allow faded altars: false
     0 | D:1      | 0 ||| qw: Do Orc after clearing Dungeon:15 true
     0 | D:1      | 0 ||| qw: Do second Lair branch before Depths: true
     0 | D:1      | 0 ||| qw: Lair rune preference: random
     0 | D:1      | 0 ||| qw: Goals: Normal
     0 | D:1      | 0 ||| PLANNING D:1-11
   200 | D:1      | 200 ||| FLEEEEING.
   344 | D:1      | Reached skill level 6 in Ranged Weapons
   344 | D:1      | Reached XP level 2. HP: 16/16 MP: 4/4
   783 | D:1      | 783 ||| UPGRADING to +2 pair of boots.
   788 | D:1      | 788 ||| UPGRADING to +0 ring mail.
   798 | D:1      | 798 ||| DROPPING +0 leather armour.
   799 | D:1      | 799 ||| DROPPING amulet of magic regeneration.
   800 | D:1      | 800 ||| UPGRADING to ring of protection from fire.
   801 | D:1      | 801 ||| READING 2 scrolls labelled ALEAXU XUOPP.
   802 | D:1      | 802 ||| READING scroll labelled UWEGUC JUC COS.
   806 | D:1      | 806 ||| DRINKING 4 bubbling grey potions.
   850 | D:1      | 850 ||| DROPPING scroll of butterflies.
   851 | D:1      | 851 ||| DROPPING 3 potions of lignification.
   894 | D:2      | Noticed Robin
   898 | D:2      | Reached XP level 3. HP: 20/20 MP: 5/5
   912 | D:2      | HP: 5/20 [goblin/+0 club[Robin] (2)]
   912 | D:2      | HP: 2/20 [goblin/+0 club[Robin] (3)]
   913 | D:2      | Slain by a goblin

Levels and vault maps discovered:
D:1:      dpeg_arrival_central, layout_basic
D:2:      layout_basic, serial_shops, nicolae_shop_advertising_works
          [nicolae_subvault_shop_adworks], uniq_robin

Skill      XL: |  1 |
---------------+----+-----
Ranged Weapons | 6 |  6.7
Fighting       | |  1.5
Dodging        | |  2.4
Stealth        | |  1.2

Action                     || total
---------------------------++-------
   Fire: Shortbow          ||    70
    Use: Scroll            ||     2
         Potion            ||     1
 Armour: Leather armour    ||     2
         Ring mail         ||    26
  Dodge: Dodged            ||    33

Table legend:
 A = Non-vault XP
 B = Vault XP
 C = Vault XP percentage of total XP
 D = Non-vault monster count
 E = Vault monster count
 F = Vault count percentage of total count
                 A         B        C        D         E       F
            +---------+---------+-------+---------+---------+-------
      Total |      39 |       8 |  17.0 |      16 |       5 |  23.8
            +---------+---------+-------+---------+---------+-------
        D:1 |      26 |       0 |   0.0 |      15 |       0 |   0.0
        D:2 |      13 |       8 |  38.1 |       1 |       5 |  83.3
            +---------+---------+-------+---------+---------+-------
